 Dungeon Crawl Stone Soup version 0.29.1-12-g30fa7ad0bf (webtiles) character file.

Game seed: 3425088294464297702

15201 devnull the Fighter (level 12, -15/106 HPs)
             Began as a Ghoul Gladiator on Jan 1, 2023.
             Was a Priest of Makhleb.
             Demolished by Urug
             ... wielding a +3 long sword of holy wrath
              (23 damage)
             ... on level 12 of the Dungeon on Jan 2, 2023.
             The game lasted 01:08:20 (19826 turns).

devnull the Fighter (Ghoul Gladiator)              Turns: 19826, Time: 01:08:20

Health: -15/106    AC: 23    Str: 21    XL:     12   Next: 24%
Magic:  14/14      EV: 11    Int:  5    God:    Makhleb [***...]
Gold:   565        SH:  6    Dex: 10    Spells: 11/11 levels left

rFire   . . .      SeeInvis +   a - +2 flail (protect)
rCold   + + .      Faith    .   d - +1 buckler {rPois}
rNeg    + + +      Spirit   .   Q - +2 plate armour {rC+}
rPois   ∞          Reflect  .   c - +1 helmet
rElec   .          Harm     .   j - +1 cloak
rCorr   .          Rampage  .   o - +1 pair of gloves
Will    .....                   (no boots)
Stlth   ..........              V - amulet of the acrobat
HPRegen 0.00/turn               h - +4 ring of evasion
MPRegen 0.14/turn               K - ring of see invisible

@: inhibited regen
A: claws 1, cold resistance 1, negative energy resistance 3, inhibited
regeneration, torment resistance 2, devour on kill
a: Renounce Religion, Minor Destruction, Lesser Servant of Makhleb


You were on level 12 of the Dungeon.
You worshipped Makhleb.
Makhleb was most pleased with you.
You visited 2 branches of the dungeon, and saw 13 of its levels.
You also visited: Bailey.

You collected 565 gold pieces.

Inventory:

Hand Weapons
 a - a +2 flail of protection (weapon)
 b - a +1 war axe of flaming
 E - a +1 halberd of protection
 I - a +0 war axe
 P - a +0 sling
 R - a +2 battleaxe
Missiles
 e - a javelin (quivered)
 G - 10 poisoned darts
 H - 3 boomerangs
 O - 2 boomerangs of dispersal
 T - 2 throwing nets
 W - a curare-tipped dart
Armour
 c - a +1 helmet (worn)
 d - a +1 buckler of poison resistance (worn)
 j - a +1 cloak (worn)
 o - a +1 pair of gloves (worn)
 Q - a +2 plate armour of cold resistance (worn)
Jewellery
 h - a +4 ring of evasion (left hand)
 s - a ring of fire
 K - a ring of see invisible (right hand)
 V - an amulet of the acrobat (around neck)
Wands
 r - a wand of flame (3)
 y - a wand of mindburst (4)
 M - a wand of light (8)
Scrolls
 g - 3 scrolls of noise
 k - 4 scrolls of butterflies
 q - a scroll of fear
 u - a scroll of immolation
 v - a scroll of teleportation
 B - 2 scrolls of vulnerability
 C - 2 scrolls of blinking
 D - 3 scrolls of brand weapon
 L - 2 scrolls of torment
 U - a scroll of enchant weapon
Potions
 f - a potion of cancellation {unknown}
 i - 3 potions of curing
 l - a potion of mutation {unknown}
 m - 3 potions of flight {unknown}
 n - 4 potions of ambrosia {unknown}
 p - 2 potions of invisibility {unknown}
 t - a potion of heal wounds
 w - 3 potions of lignification {unknown}
 x - 4 potions of haste
 z - 2 potions of resistance {unknown}
 A - 3 potions of degeneration {unknown}
 F - 4 potions of brilliance
 J - a potion of berserk rage {unknown}
 N - 2 potions of might {unknown}
 S - a potion of attraction {unknown}


   Skills:
 - Level 10.0 Fighting
 + Level 6.7 Axes
 - Level 7.4 Throwing
 - Level 10.0 Armour
 - Level 2.6 Dodging
 - Level 5.0 Shields
 - Level 5.0 Invocations
 - Level 5.0 Evocations


You had 11 spell levels left.
You didn't know any spells.
Your spell library contained the following spells:

 Spells                   Type           Power      Damage    Failure   Level
 Foxfire                  Conj/Fire      0%         2x1d4     100%        1
 Conjure Flame            Conj/Fire      0%         6-21      100%        3
 Inner Flame              Hex/Fire       0%         N/A       100%        3
 Animate Dead             Necr           0%         N/A       100%        4
 Flame Wave               Conj/Fire      0%         2d4       100%        4
 Passage of Golubria      Tloc           0%         N/A       100%        4
 Borgnjor's Vile Clutch   Necr/Erth      0%         N/A       100%        5
 Silence                  Hex/Air        0%         N/A       100%        5
 Summon Mana Viper        Hex/Summ       0%         N/A       100%        5
 Death Channel            Necr           0%         N/A       100%        6
 Monstrous Menagerie      Summ           0%         N/A       100%        7
 Summon Hydra             Summ           0%         N/A       100%        7
 Lehudib's Crystal Spear  Conj/Erth      0%         10d2      100%        8


Dungeon Overview and Level Annotations

Branches:
Dungeon (12/15)            Temple (1/1) D:4            Lair (0/5) D:11
    Orc (0/2) D:10         Bailey (visited)

Altars:
Ashenzari
Cheibriados
Dithmenos
Fedhas
Gozag
Hepliaklqana
Kikubaaqudgha
Makhleb
Nemelex Xobeh
Okawaru
Qazlal
Ru
Sif Muna
Trog
Uskayaw
Vehumet
Wu Jian
Xom
Yredelemnul

Annotations:
D:12 Urug


Innate Abilities, Weirdness & Mutations

You are immune to poison.
You have sharp fingernails.
Your flesh is cold resistant. (rC+)
You are immune to negative energy. (rN+++)
You do not regenerate when monsters are visible.
You are immune to unholy pain and torment.
You thrive by killing the living.


Message History

Urug hits you with a +3 long sword of holy wrath!
* * * LOW HITPOINT WARNING * * *
You convulse.
* * * LOW HITPOINT WARNING * * *
Urug is no longer covered in acid.
Urug throws a silver javelin.
The silver javelin closely misses you.
You see here 18 gold pieces.
Urug throws a silver javelin.
The silver javelin pierces through you but does no damage.
* * * LOW HITPOINT WARNING * * *
There is a stone staircase leading up here.
Urug throws a silver javelin.
The silver javelin pierces through you!
* * * LOW HITPOINT WARNING * * *
x2 You climb upwards.
There is a stone staircase leading down here.
You start resting.
HP restored.
You climb downwards.
Level annotation: Urug Urug squints and screams, "A harpy?
Time to die, you blasted buzzard!"
Urug hits you with a +3 long sword of holy wrath!
You convulse.
There is a stone staircase leading up here.
A demon appears!
Urug hits you with a +3 long sword of holy wrath!!
You convulse!
Unknown command.
Urug hits you with a +3 long sword of holy wrath!
You convulse!
* * * LOW HITPOINT WARNING * * *
Your orange demon stings Urug.
Your orange demon completely misses Urug.
Throw: 3 throwing nets
Press: ? - help, Shift-Dir - straight line, f - Urug
Aim: Urug, wielding a +3 long sword of holy wrath, wearing a +0 chain mail of fire resistance and quivering silver javelins (lightly wounded, ally target, 62% to hit)
You throw a throwing net. The throwing net closely misses Urug.
Urug hits you with a +3 long sword of holy wrath!
* * * LOW HITPOINT WARNING * * *
You convulse!!
You die...

## ###### .(#
#....##..
#....... #...4.#
#...o# #..@.# #
### #....# #.##..
#....# ....o.
#....# ......##
##.###
.......########.#
#........$.#
########..## ##.#


You could see Urug (ally target) and a friendly orange demon (summoned).

Vanquished Creatures
  Snorg (D:10)
  A hydra (D:12)
  Erica (D:11)
  4 two-headed ogres
  A skeletal warrior (D:11)
  2 deep elf pyromancers
  A gargoyle (D:11)
  2 trolls
  2 shadows
  A vampire (D:11)
  3 wyverns
  A basilisk (D:10)
  A wraith (D:12)
  10 yaks
  2 acid dragons
  3 water moccasins
  Duvessa (D:4)
  4 ice beasts
  2 black bears
  4 orc warriors
  A sky beast (D:6)
  2 ogres
  2 centaurs
  3 wolves (D:11)
  A kobold brigand (D:10)
  A necrophage (D:6)
  2 bullfrogs (D:8)
  5 scorpions
  4 wights (D:9)
  Dowan (D:4)
  6 killer bees (D:11)
  5 howler monkeys
  9 vampire bats (Bailey)
  5 wolf zombies (Bailey)
  3 jellies
  A hound (D:6)
  6 orc priests
  Terence (D:2)
  2 iguanas
  Natasha (thrice) (D:2)
  5 orc wizards
  12 adders
  4 gnolls
  A shadow imp (D:6)
  An ufetubus (D:5)
  A worm (D:4)
  4 dart slugs
  39 orcs
  8 ball pythons
  9 endoplasms
  3 giant cockroaches
  8 goblins
  7 hobgoblins
  8 jackals (D:1)
  3 quokkas
  A bat (D:3)
  A frilled lizard (D:3)
  11 kobolds
  22 orc zombies (Bailey)
  3 rats
  A bush (D:2)
262 creatures vanquished.

Vanquished Creatures (collateral kills)
  Harold (D:10)
  A gargoyle (Bailey)
  A vampire (Bailey)
  An orc zombie (Bailey)
4 creatures vanquished.

Vanquished Creatures (others)
  An unseen horror (D:12)
  An orc wizard (D:10)
  A bush (D:11)
  5 fungi (D:11)
  30 plants
  2 withered plants (D:3)
40 creatures vanquished.

Grand Total: 306 creatures vanquished

Notes
Turn   | Place    | Note
-------+----------+-------------------------------------------
     0 | D:1      | devnull the Ghoul Gladiator began the quest for the Orb.
     0 | D:1      | Reached XP level 1. HP: 17/17 MP: 0/0
    78 | D:1      | Reached XP level 2. HP: 26/26 MP: 1/1
   164 | D:1      | Reached XP level 3. HP: 29/33 MP: 2/2
  1331 | D:2      | You fall into a shaft and drop 2 floors!
  1344 | D:4      | Noticed a scorpion
  1351 | D:4      | Found a staircase to the Ecumenical Temple.
  1361 | D:4      | Reached skill level 5 in Fighting
  1361 | D:4      | Reached XP level 4. HP: 30/42 MP: 3/3
  1375 | Temple   | Entered the Ecumenical Temple
  1629 | Temple   | Became a worshipper of Makhleb the Destroyer
  1779 | D:3      | Noticed an ogre
  1807 | D:3      | Reached XP level 5. HP: 42/48 MP: 4/4
  2002 | D:3      | Found an ancient bone altar of Kikubaaqudgha.
  2072 | D:2      | Noticed Natasha
  2090 | D:2      | Killed Natasha
  2224 | D:2      | Noticed Natasha
  2234 | D:2      | Noticed Terence
  2259 | D:2      | Killed Terence
  2308 | D:2      | Killed Natasha
  2816 | D:2      | Found a faded altar of an unknown god.
  2976 | D:2      | Noticed Natasha
  2981 | D:2      | Killed Natasha
  2982 | D:2      | Reached XP level 6. HP: 51/56 MP: 5/5
  3632 | D:4      | Reached skill level 5 in Axes
  3632 | D:4      | Reached skill level 1 in Evocations
  3776 | D:4      | Noticed Duvessa
  3960 | D:4      | Killed Duvessa
  3961 | D:4      | Reached XP level 7. HP: 36/61 MP: 6/6
  3995 | D:4      | Noticed Dowan
  4104 | D:4      | Killed Dowan
  4507 | D:4      | Reached * piety under Makhleb
  4887 | D:5      | Entered Level 5 of the Dungeon
  4908 | D:5      | Reached skill level 5 in Evocations
  4908 | D:5      | Reached XP level 8. HP: 67/68 MP: 6/8
  5369 | D:5      | Found a shadowy altar of Dithmenos.
  6130 | D:6      | Noticed a shadow
  6615 | D:6      | Reached skill level 5 in Invocations
  6872 | D:6      | Reached skill level 1 in Armour
  7411 | D:6      | Reached ** piety under Makhleb
  8301 | D:6      | Killed a shadow
  8302 | D:6      | Reached XP level 9. HP: 25/74 MP: 11/11
  8819 | D:6      | Reached skill level 5 in Throwing
  9493 | D:7      | HP: 1/74 [ogre/+0 giant club (13)]
  9876 | D:7      | Identified the +8 rapier of Unreason {pain, rN+ Int+4}
  9950 | D:7      | Found a sparkling altar of Nemelex Xobeh.
 10601 | D:8      | Found a stormy altar of Qazlal.
 10852 | D:8      | Found a shimmering altar of Xom.
 10877 | D:8      | Found a blossoming altar of Fedhas.
 10877 | D:8      | Found a broken altar of Ashenzari.
 11406 | D:9      | Found a flagged portal.
 11424 | Bailey   | Entered a bailey
 11484 | Bailey   | Noticed a gargoyle
 12208 | Bailey   | Reached *** piety under Makhleb
 12222 | Bailey   | Reached skill level 5 in Armour
 12232 | Bailey   | Reached XP level 10. HP: 81/81 MP: 12/12
 12613 | Bailey   | Killed a gargoyle
 13234 | D:9      | Got the Compilation of Allies
 14116 | D:9      | Noticed a two-headed ogre
 14172 | D:9      | Killed a two-headed ogre
 14551 | D:10     | Entered Level 10 of the Dungeon
 14622 | D:10     | Noticed a two-headed ogre
 14666 | D:10     | Killed a two-headed ogre
 14667 | D:10     | Reached skill level 10 in Fighting
 15099 | D:10     | Noticed a deep elf pyromancer
 15184 | D:10     | Killed a deep elf pyromancer
 15185 | D:10     | Reached XP level 11. HP: 92/99 MP: 13/13
 15291 | D:10     | Reached skill level 5 in Shields
 15426 | D:10     | Found a staircase to the Orcish Mines.
 15465 | D:10     | Noticed Snorg
 15526 | D:10     | Killed Snorg
 15864 | D:10     | Noticed a two-headed ogre
 15945 | D:10     | Killed a two-headed ogre
 16097 | D:10     | Found an ornate altar of the Wu Jian Council.
 16882 | D:11     | Noticed a skeletal warrior
 16973 | D:11     | Noticed a two-headed ogre
 16996 | D:11     | Killed a two-headed ogre
 17107 | D:11     | Killed a skeletal warrior
 17401 | D:11     | Noticed Erica
 17434 | D:11     | Killed Erica
 17584 | D:11     | Noticed Harold
 18210 | D:10     | Killed Harold
 18211 | D:10     | Reached skill level 10 in Armour
 18211 | D:10     | Reached XP level 12. HP: 93/106 MP: 14/14
 18289 | D:11     | Found a staircase to the Lair.
 18732 | D:12     | Noticed an eight-headed hydra
 19017 | D:12     | Killed a two-headed hydra
 19333 | D:12     | Noticed Urug
 19444 | D:12     | HP: 4/106 [Urug/silver javelin (3)]
 19826 | D:12     | Demolished by Urug

Illustrated notes

Levels and vault maps discovered:
D:1:      amcnicky_arrival_wind_blow, layout_basic
D:2:      layout_loops_ring, dreamdust_ecumenical_altar_hidden_monk_grotto,
          serial_forest, infiniplex_forest_end_2, infiniplex_forest_3_way,
          infiniplex_forest_straight_4, infiniplex_forest_clump_medium,
          infiniplex_forest_clump_small, kennysheep_path_1, minmay_heptomino_o4,
          uniq_natasha, uniq_terence
D:3:      layout_loops_ring, kiku_gazebo_garden_becter, minmay_liquid_box,
          corexii_corridor_pit
D:4:      layout_basic, minmay_temple_entry_proselytizer, uniq_duvessa
D:5:      layout_gridville, nicolae_overflow_crystal_walls
D:6:      layout_loops_ring
D:7:      hellmonk_destroyed_diamonds, layout_cave_pools,
          mainiacjoe_overflow_boulevard
D:8:      layout_rooms, mainiacjoe_overflow_surrounded_room,
          gammafunk_temple_overflow_statue, nicolae_qazlal_scattered_showers
D:9:      layout_roguey, enter_bailey_2, minmay_microvault
D:10:     layout_basic, general_overflow_altar, orc_0_dummy, uniq_snorg
D:11:     layout_roguey, minmay_lair_entry_grove, tso_oasis_becter, uniq_erica,
          uniq_harold
D:12:     layout_rooms, gauntlet_entry_generic, roderic_roman_lattice, uniq_urug
Temple:   nicolae_temple_bog_church

Skill      XL: |  1  2  3  4  5  6  7  8  9 10 11 12 |
---------------+-------------------------------------+-----
Fighting       | 3 5 10 | 10.0
Axes           | 3 4 5 6 |  6.7
Evocations     | 3 5 |  5.0
Invocations    | 2 5 |  5.0
Armour         | 2 5 10 | 10.0
Throwing       | 4 7 |  7.4
Shields        | 4 5 |  5.0
Dodging        | |  2.6

Action                   |  1- 3 |  4- 6 |  7- 9 | 10-12 || total
-------------------------+-------+-------+-------+-------++-------
Melee: War axe           |    91 |   158 |   220 |     7 ||   476
       Punch             |       |     4 |     7 |     1 ||    12
       Flail             |       |       |   289 |   553 ||   842
       Battleaxe         |       |       |    32 |       ||    32
 Fire: Sling             |       |       |    19 |       ||    19
Throw: Throwing net      |     2 |     3 |     8 |     1 ||    14
       Javelin           |       |     1 |     5 |     1 ||     7
       Dart              |       |       |     4 |    35 ||    39
       Boomerang         |       |       |     4 |    11 ||    15
Invok: Minor Destruction |       |       |    10 |    71 ||    81
       Lesser Servant of |       |       |       |     7 ||     7
  Use: Scroll            |       |     6 |     9 |     5 ||    20
       Potion            |       |       |     2 |     4 ||     6
 Stab: Held in net/web   |     1 |       |     2 |       ||     3
Armor: Leather armour    |    32 |    12 |       |       ||    44
       Ring mail         |       |    45 |       |       ||    45
       Chain mail        |       |       |    20 |       ||    20
       Plate armour      |       |       |   413 |   532 ||   945
Dodge: Dodged            |    75 |   159 |   388 |   502 ||  1124
Block: Buckler           |       |       |       |   236 ||   236
